Unix NetHack Version 5.0.0-0 post-release - last build Jun 10 2026 00:39:30 (3ee93aec679c4c4259841fe613dc97188e26a321,branch:main).

Game began 2026-06-09 18:13:41, ended 2026-06-10 23:26:48.

CyberFan, neutral female human Priestess

}}}}}}}}}}}}}}}}}}}}}}}}}}}}}}}}}}}}}}}}}}}}}}}}}}}}}}}}}}}}}}}}}}}}}}}}}}}}}}}
}}}}}}}}}}}}}}}}}}}}}}}}}}}}}}}}}}}}}}}}}}}}}}}}}}}}}}}}}}}}}}}}}}}}}}}}}}}}}}}
}}}}}}}}}}}}}}}}}}}}}}}}}}}}}}}}}}}}}}}}}}}}}}}}}}}}}}}}}}2}}}S    }}2}}}}}}}}}
}}}}}}}}}}}}}}}}}}}}}}}}}}}}}}}}}}}}}}}}}}}}}}}}}}}}}}}}}}}}} E ES@ }}}}}}}}}}}
}}}}}}}}}}}}}}}}}}}}}}}}}}}}}}}}}}}}}}}}}}}}}}}}}}}}}}}}}}}}} E  ES }3}}}}}}}}}
}}}}}}}}}}}}}}}}}}}}}}}}}}}}}}}}}}}}}}}}}}}}}}}}}}}}}}}}}}}}  E E    }}}}}}}}}}
}}}}}}}}}}}}}}}}}}}}}}}}}}}}}}}}}}}}}}}}}}}}}}}}}}}}}}}}}}}}  2      }}}}}}}}}}
}}}}}}}}}}}}}}}}}}}}}}}}}}}}}}}}}}}}}}}}}}}}}}}}}}}}}}}}}}}}}      }2}}}}}}}}}}
}}}}}}}}}}}}}}}}}}}}}}}}}}}}}}}}}}}}}}}}}}}}}}}}}}}}}}}}}}}}}}}}}  }}}}}}}}}}}}
}}}}}}}}}}}}}}}}}}}}}}}}}}}}}}}}}}}}}}}}}}}}}}}}}}}}}}}}}}}}}}}}}  }}}}}}}}}}}}
}}}}}}}}}}}}}}}}}}}}}}}}}}}}}}}}}}}}}}}}}}}}}}}}}}}}}}}}}}}}}}}}}}}}}}3}}}}}}}}
}}}}}}}}}}}}}}}}}}}}}}}}}}}}}}}}}}}}}}}}}}}}}}}}}}}}}}}}}}}}}}}}}}}}}}}}}}}}}}}
}}}}}}}}}}}}}}}}}}}}}}}}}}}}}}}}}}}}}}}}}}}}}}}}}}}}}}}}}}}}}}}}}}}}}}}}}}}}}}}
}}}}}}}}}}}}}}}}}}}}}}}}}}}}}}}}}}}}}}}}}}}}}}}}}}}}}}}}}}}}}}}}}}}}}}}}}}}}}}}
}}}}}}}}}}}}}}}}}}}}}}}}}}}}}}}}}}}}}}}}}}}}}}}}}}}}}}}}}}}}}}}}}}}}}}}}}}}}}}}
}}}}}}}}}}}}}}}}}}}}}}}}}}}}}}}}}}}}}}}}}}}}}}}}}}}}}}}}}}}}}}}}}}}}}}}}}}}}}}}
}}}}}}}}}}}}}}}}}}}}}}}}}}}}}}}}}}}}}}}}}}}}}}}}}}}}}}}}}}}}}}}}}}}}}}}}}}}}}}}
}}}}}}}}}}}}}}}}}}}}}}}}}}}}}}}}}}}}}}}}}}}}}}}}}}}}}}}}}}}}}}}}}}}}}}}}}}}}}}}
}}}}}}}}}}}}}}}}}}}}}}}}}}}}}}}}}}}}}}}}}}}}}}}}}}}}}}}}}}}}}}}}}}}}}}}}}}}}}}}
}}}}}}}}}}}}}}}}}}}}}}}}}}}}}}}}}}}}}}}}}}}}}}}}}}}}}}}}}}}}}}}}}}}}}}}}}}}}}}}
}}}}}}}}}}}}}}}}}}}}}}}}}}}}}}}}}}}}}}}}}}}}}}}}}}}}}}}}}}}}}}}}}}}}}}}}}}}}}}}
CyberFan the Curate          St:18/05 Dx:16 Co:15 In:7 Wi:20 Ch:12  Neutral
Water $:2937 HP:0(154) Pw:200(204) AC:-25 Xp:17/716734 T:40527  Fly

Latest messages:
 The massive hammer hits!  Lightning strikes the pit viper!
 The water elemental hits!
 The cobra bites!
 The cobra's bite was poisoned!
 The poison doesn't seem to affect you.
 The pit viper misses!
 The pit viper misses!
 The water elemental hits!
 You see the cobra slither under stones.
 The massive hammer hits!  Lightning strikes the pit viper!
 The pit viper misses!
 The pit viper misses!
 The massive hammer hits!  Lightning strikes the pit viper!
 You kill the pit viper!
 The massive hammer hits!  Lightning strikes the cobra!
 The cobra bites!
 The cobra misses!
 The massive hammer hits!  Lightning strikes the pit viper!
 The pit viper misses!
 The pit viper misses!
 The cobra misses!
 The cobra misses!
 The massive hammer hits!  Lightning strikes the pit viper!
 You kill the pit viper!
 The cobra misses!
 The massive hammer hits!  Lightning strikes the cobra!
 You kill the cobra!
 The cobra misses!
 You see the pit viper slither under a corpse.
 The pit viper misses!
 The pit viper misses!
 You see the pit viper slither under a corpse.
 The massive hammer hits!  Lightning strikes the pit viper!
 The pit viper misses!
 The pit viper misses!
 The massive hammer hits!  Lightning strikes the pit viper!
 The pit viper misses!
 The pit viper bites!
 The massive hammer hits!  Lightning strikes the pit viper!
 The pit viper misses!
 The pit viper misses!
 You see the pit viper slither under a corpse.
 The massive hammer hits!  Lightning strikes the pit viper!
 Your danger sense causes you to take a second look close by.
 You find a pit viper.
 The massive hammer hits!  Lightning strikes the pit viper!
 You kill the pit viper!
 You see the cobra slither under stones.
 The water elemental hits!
 You die...

Inventory:
 Coins    ('$')
  $ - 2937 gold pieces
 Amulets  ('"')
  N - an uncursed amulet of flying (being worn)
  j - the uncursed Amulet of Yendor named real
 Weapons  (')')
  g - the blessed rustproof +7 Mjollnir (weapon in right hand)
 Armor    ('[')
  S - the blessed tempered +4 Mitre of Holiness (being worn)
  k - a blessed +3 pair of leather gloves (being worn)
  J - an uncursed +3 pair of jumping boots (being worn)
  l - an uncursed +4 shield of reflection (being worn)
  x - a blessed fireproof +2 cloak of magic resistance (being worn)
  V - a blessed +4 blue dragon scale mail (being worn)
 Comestibles  ('%')
  e - 3 uncursed cloves of garlic
 Scrolls  ('?')
  f - 2 blessed scrolls of charging
  R - an uncursed scroll of create monster
 Potions  ('!')
  u - 2 uncursed potions of water
 Rings    ('=')
  y - an uncursed ring of free action
  G - an uncursed ring of free action (on left hand)
  B - an uncursed ring of levitation
  t - a cursed ring of slow digestion (on right hand)
  O - an uncursed ring of stealth
  X - an uncursed ring of teleport control
  o - an uncursed ring of teleportation
 Wands    ('/')
  M - an uncursed wand of cold (0:4)
  H - an uncursed wand of death (2:1)
  b - an uncursed wand of digging (0:4)
  r - an uncursed wand of lightning (0:4)
  C - an uncursed wand of magic missile (0:3)
  p - an uncursed wand of magic missile (0:2)
  P - an uncursed wand of polymorph (0:3)
  Q - an uncursed wand of sleep (0:5)
  q - an uncursed wand of sleep (0:0)
  n - an uncursed wand of teleportation (0:5)
 Tools    ('(')
  L - a blessed bag of holding containing 67 items
  Z - the uncursed Bell of Opening (0:2)
  s - an uncursed blindfold
  w - the uncursed Candelabrum of Invocation (0 of 7 candles attached)
  v - an uncursed magic marker (0:44)
  K - an uncursed magic whistle
  T - a blessed oil lamp
  E - an uncursed +0 pick-axe
  Y - an uncursed skeleton key
  U - a blessed +0 unicorn horn
 Gems/Stones  ('*')
  A - an uncursed worthless piece of black glass
  i - a blessed luckstone

Contents of the bag of holding:
  an uncursed amulet of reflection
  the uncursed +4 Demonbane
  the blessed rustproof +1 Vorpal Blade
  the uncursed +1 Werebane
  a cursed -1 helm of opposite alignment
  a blessed fireproof +2 pair of water walking boots
  a blessed +0 mummy wrapping
  an uncursed +0 robe
  8 uncursed C-rations
  4 uncursed K-rations
  2 uncursed lizard corpses
  a blessed scroll of amnesia
  3 uncursed scrolls of amnesia
  a blessed scroll of confuse monster
  an uncursed scroll of confuse monster
  4 uncursed scrolls of create monster
  an uncursed scroll of destroy armor
  a cursed scroll of destroy armor
  2 blessed scrolls of earth
  a blessed scroll of enchant weapon
  2 uncursed scrolls of enchant weapon
  a cursed scroll of enchant weapon
  4 uncursed scrolls of fire
  a cursed scroll of fire
  an uncursed scroll of food detection
  an uncursed scroll of identify
  a cursed scroll of identify
  2 uncursed scrolls of light
  a blessed scroll of punishment
  2 blessed scrolls of remove curse
  a cursed scroll of remove curse
  an uncursed scroll of scare monster
  an uncursed scroll of stinking cloud
  a cursed scroll of taming
  3 blessed scrolls of teleportation
  5 uncursed scrolls of teleportation
  a cursed scroll of teleportation
  a blessed spellbook of identify
  an uncursed potion of acid
  an uncursed potion of blindness
  a cursed potion of gain energy
  a blessed potion of hallucination
  an uncursed potion of invisibility
  a blessed potion of levitation
  2 uncursed potions of monster detection
  an uncursed potion of object detection
  a cursed potion of object detection
  a cursed potion of paralysis
  an uncursed potion of polymorph
  an uncursed potion of restore ability
  a cursed potion of restore ability
  a blessed potion of see invisible
  an uncursed potion of see invisible
  2 potions of holy water
  a potion of unholy water
  a blessed +1 ring of increase accuracy
  an uncursed ring of polymorph
  an uncursed ring of protection from shape changers
  an uncursed ring of regeneration
  an uncursed ring of teleport control
  an uncursed magic marker (0:23)
  an uncursed magic marker (0:1)
  4 uncursed black opals
  2 uncursed diamonds
  2 uncursed emeralds
  4 uncursed rubies
  a blessed touchstone

CyberFan the Priestess's attributes:

Background:
 You were a Curate, a level 17 human Priestess.
 You were neutral, on a mission for Hermes
 who was opposed by Athena (lawful) and Poseidon (chaotic).
 You were right-handed.
 You were in the endgame, on the Elemental Plane of Water.
 You entered the dungeon 40527 turns ago.
 It was nighttime.
 You had 716734 experience points, 563266 more were needed to attain level 18.

Basics:
 You had 0 out of 154 hit points.
 You had 200 out of 204 energy points (spell power).
 Your armor class was -25.
 Your wallet contained 2937 zorkmids.
 Autopickup was off.

Final Characteristics:
 Your strength was 18/05 (limit:18/100).
 Your dexterity was 16 (limit:18).
 Your constitution was 15 (peak:18, limit:18).
 Your intelligence was 7 (base:3, peak:10, limit:18).
 Your wisdom was 20 (base:16, peak:18, innate limit:18).
 Your charisma was 12 (limit:18).

Final Status:
 You were flying.
 You weren't hungry.
 You were unencumbered.
 You were wielding a hammer.
 You had expert skill with hammer.

Final Attributes:
 You were the Envoy of Balance.
 You were piously aligned.
 You were magic-protected.
 You were fire resistant.
 Your items were protected from fire.
 You were cold resistant.
 You were sleep resistant.
 You were shock resistant.
 Your items were protected from electric shocks.
 You were poison resistant.
 You saw invisible.
 You were telepathic.
 You were warned.
 You could jump.
 You had slower digestion.
 You were guarded.
 You were very fast.
 You had reflection.
 You had free action.
 You were lucky.
 You had extra luck.
 Good luck did not time out for you.
 You are dead (4th time!).

Miscellaneous:
 You disabled loading and storing of bones levels.
 Total elapsed playing time was 9 hours, 30 minutes and 21 seconds.

Major events:
 Turn
    1: CyberFan the neutral human Priestess entered the dungeon
  458: entered the Gnomish Mines
  490: attained the rank of Acolyte (level 3)
 2763: reached Mine Town
 2882: made her first wish - "blessed +2 blue dragon scale mail", got "a blessed blue dragon scale mail"
 2970: attained the rank of Adept (level 6)
 3609: entered Sokoban
 3827: completed 1st Sokoban level
 4230: completed 2nd Sokoban level
 4799: completed 3rd Sokoban level
 5547: completed 4th Sokoban level
 6115: acquired the Sokoban bag of holding
 6656: was bestowed with Demonbane by Hermes
 7217: killed Kinojevis, the general store proprietrix
 8466: was bestowed with Mjollnir by Hermes
 8625: attained the rank of Priestess (level 10)
 8742: entered Home 1, the Quest
12516: killed Medusa
13028: was bestowed with Werebane by Hermes
16842: performed her first genocide (class L)
17671: acquired the Mines' End luckstone
20096: attained the rank of Curate (level 14)
20264: wished for "blessed greased fireproof +2 cloak of magic resistance", got "a blessed greased piece of cloth"
20340: wished for "uncursed magic marker", got "an uncursed magic marker"
20618: wished for "blessed spellbook of identify", got "a blessed glittering spellbook"
23390: the Arch Priest has granted access to proceed deeper into the quest
23412: entered Home 2, the Quest
23617: entered Home 3, the Quest
24659: entered Home 4, the Quest
24919: entered Home 5, the Quest
25021: entered Home 6, the Quest
25031: killed Nalzok
25031: found the Mitre of Holiness carried by a monster
25058: acquired the Bell of Opening
26806: genocided class ;
28610: attained the rank of Canoness (level 18)
29022: became Hermes' Envoy of Balance
29022: was bestowed with Vorpal Blade
29341: entered Gehennom
30544: bribed Asmodeus with 56 zorkmids for safe passage
30632: killed Juiblex
31539: bribed Baalzebub with 6 zorkmids for safe passage
32271: destroyed Vlad the Impaler
32273: acquired the Candelabrum of Invocation
32913: killed Orcus
36517: killed the Wizard of Yendor
36519: acquired the Book of the Dead
36775: performed the invocation
37533: averted death (killed by a carnivorous ape)
37798: killed the Wizard of Yendor (2nd time)
37867: killed the Wizard of Yendor (3rd time)
37979: killed the high priest of Moloch
37983: acquired The Amulet of Yendor
37983: wished for "blessed amulet of life saving", got "a blessed amulet of life saving"
39845: entered the Elemental Planes
39845: entered Plane of Earth
39859: averted death (killed by the invisible Wizard of Yendor)
39862: killed the Wizard of Yendor (5th time)
39872: wished for "blessed amulet of life saving", got "a blessed amulet of life saving"
40311: entered Plane of Air
40332: averted death (killed by an air elemental)
40376: entered Plane of Fire
40425: entered Plane of Water
40527: killed by a water elemental

Spells:
 Name                 Level Category     Fail Retention
 detect monsters        1   divination    75%    (gone)
 light                  1   clerical      75%    (gone)
 force bolt             1   attack        75%    (gone)
 charm monster          5   enchantment  100%    (gone)
 cause fear             3   enchantment   93%    (gone)
 haste self             3   escape        93%    (gone)
 dig                    5   matter       100%  76%-100%
 identify               3   divination    75%   76%-80%
 slow monster           2   enchantment   75%    (gone)
 detect treasure        4   divination    75%    (gone)
 clairvoyance           3   divination    75%   11%-15%
 remove curse           3   clerical      15%   16%-20%
 jumping                1   escape        75%    1%-25%
 chain lightning        2   attack        75%    (gone)
 healing                1   healing       69%    1%-25%
 create monster         2   clerical      75%   31%-35%
 fireball               4   attack        99%   26%-50%

Skills:
 Fighting Skills
   bare handed combat [Unskilled]
 Weapon Skills
   long sword         [Unskilled]
   saber              [Unskilled]
   club               [Unskilled]
   mace               [Expert]
   morning star       [Unskilled]
   flail              [Unskilled]
   hammer             [Expert]
   quarterstaff       [Unskilled]
   polearms           [Unskilled]
   spear              [Unskilled]
   trident            [Unskilled]
   lance              [Unskilled]
   bow                [Unskilled]
   sling              [Unskilled]
   crossbow           [Unskilled]
   dart               [Unskilled]
   shuriken           [Unskilled]
   boomerang          [Unskilled]
   unicorn horn       [Unskilled]
 Spellcasting Skills
   healing spells     [Unskilled]
   divination spells  [Skilled]
   clerical spells    [Skilled]

Voluntary challenges:
 Character rerolling was not enabled.
 You genocided 10 types of monsters.
 You never changed form.
 You used 6 wishes.
 You did not wish for any artifacts.
 You violated the special Sokoban rules twice.
Achievements:
 You entered the Gnomish Mines.
 You attained the rank of Acolyte.
 You entered Minetown.
 You entered a shop.
 You entered a temple.
 You attained the rank of Adept.
 You entered Sokoban.
 You completed Sokoban.
 You attained the rank of Priestess.
 You defeated Medusa.
 You completed the Gnomish Mines.
 You attained the rank of Curate.
 You had the Bell of Opening.
 You attained the rank of Canoness.
 You entered Gehennom.
 You had the Candelabrum of Invocation.
 You handled the Book of the Dead.
 You gained access to Moloch's Sanctum.
 You had the Amulet of Yendor.
 You reached the Elemental Planes.

 The Elemental Planes:
    Plane of Water: <- You were here.
       Final resting place for
          you, killed by a water elemental.
    Plane of Fire:
    Plane of Air:
    Plane of Earth:
 The Dungeons of Doom: levels 1 to 29
    Level 1:
       A fountain.
       One way stairs up to The Elemental Planes.
    Level 2:
       Many fountains.
       Stairs down to The Gnomish Mines.
    Level 3:
    Level 4:
       An altar to Hermes, a fountain.
    Level 5:
    Level 6:
       An altar.
       Stairs up to Sokoban, level 5.
    Level 7:
    Level 8:
       A general store.
    Level 9:
       Some fountains.
    Level 10:
    Level 11:
       A potion shop, a fountain.
    Level 12:
       A general store, an altar to Hermes, a fountain.
       Summoned by the Arch Priest.
       Portal to The Quest.
    Level 13:
    Level 14:
       Some fountains.
    Level 15:
       A primitive area.
    Level 16:
    Level 17:
    Level 18:
       A fountain.
    Level 19:
       A fountain.
    Level 20:
       A grave.
    Level 21:
       A temple and an altar to Hermes, a fountain.
    Level 22:
       A grave.
    Level 23:
       A temple and an altar to Hermes.
    Level 24:
       A fountain, a grave.
    Level 25:
    Level 26:
    Level 27:
    Level 28:
       Many trees.
    Level 29:
       Connection to Gehennom.
 Gehennom: levels 30 to 50
    Level 30:
       A temple and an altar, many graves.
       Valley of the Dead.
    Level 31:
    Level 32:
    Level 33:
    Level 34:
    Level 35:
       A fountain.
    Level 36:
    Level 37:
    Level 38:
    Level 39:
       Stairs up to Vlad's Tower, level 38.
    Level 40:
       Some shops, an altar.
    Level 41:
    Level 42:
    Level 43:
    Level 44:
    Level 45:
    Level 46:
    Level 47:
    Level 48:
    Level 49:
    Level 50:
       A temple and an altar, many graves.
       Moloch's Sanctum.
 The Gnomish Mines: levels 3 to 11
    Level 3:
    Level 4:
    Level 5:
       Many shops, a temple and an altar, some fountains.
    Level 6:
    Level 7:
    Level 8:
    Level 9:
    Level 10:
    Level 11:
       A fountain.
 The Quest: levels 1 to 6
    Level 1:
       A temple and an altar, many trees.
       Given quest by the Arch Priest.
    Level 2:
       Many graves.
    Level 3:
       A temple and an altar, many graves.
    Level 4:
       Many graves.
    Level 5:
       Many graves.
    Level 6:
 Sokoban: levels 5 up to 2
    Level 2:
       Solved.
    Level 3:
       Solved.
    Level 4:
       Solved.
    Level 5:
       Solved.
 Vlad's Tower: levels 38 up to 36
    Level 36:
       A throne.
    Level 37:
    Level 38:


Vanquished creatures:
    Orcus
 an erinys
    Juiblex
the Wizard of Yendor (7 times)
    Vlad the Impaler
  a high cleric
  a mastodon
    Medusa
  5 iron golems
  4 storm giants
  8 balrogs
    Nalzok
  8 purple worms
  6 gold dragons
  3 silver dragons
  7 red dragons
  a white dragon
  5 orange dragons
  7 black dragons
  4 blue dragons
  3 green dragons
  6 yellow dragons
 19 minotaurs
  6 jabberwocks
  5 baluchitheria
 an Angel
  3 demiliches
  2 stone golems
  5 master mind flayers
  4 Olog-hai
  4 Nazgul
  5 pit fiends
  4 sandestins
 10 hell hounds
  5 displacer beasts
  6 titanotheres
  6 trappers
  6 baby red dragons
  3 guardian nagas
  9 genetic engineers
  5 disenchanters
 36 vampire leaders
  5 skeletons
  a shopkeeper
 10 aligned clerics
  7 captains
  6 shades
  a lich
  2 clay golems
  5 nurses
  7 ice devils
  9 nalfeshnees
  2 lurkers above
  a frost giant
  9 ettins
  3 golden nagas
 17 black puddings
 36 vampires
  8 lieutenants
 92 ghosts
  6 queen bees
  5 winged gargoyles
  7 mind flayers
  7 giant mimics
  6 long worms
 10 zruties
  7 fire giants
 15 ogre tyrants
  3 ice trolls
 13 rock trolls
  7 umber hulks
  5 flesh golems
  6 elven monarchs
  2 doppelgangers
 15 hezrous
  7 bone devils
  5 large mimics
  4 wumpuses
 11 fire vortices
 10 stalkers
  8 air elementals
  8 fire elementals
 12 earth elementals
  6 water elementals
  a hill giant
  3 giant mummies
  2 black nagas
 21 xorns
 27 giant zombies
 13 elf-nobles
  4 sergeants
  a water demon
 15 barbed devils
  6 vrocks
  4 salamanders
  2 wargs
  5 winter wolves
 16 hell hound pups
 13 small mimics
  2 glass piercers
  2 warhorses
  9 steam vortices
 14 xans
  3 ettin mummies
  9 ogre leaders
  6 quantum mechanics
 15 trolls
  a sasquatch
  5 wood golems
  7 mariliths
  2 djinn
  4 sharks
 13 gelatinous cubes
  4 pyrolisks
  2 large dogs
  4 freezing spheres
 17 flaming spheres
  8 shocking spheres
  3 large cats
  6 tigers
  6 gargoyles
  2 dwarf rulers
  4 tengu
 12 ochre jellies
 12 leocrottas
  3 energy vortices
  4 mountain centaurs
  3 stone giants
  7 elf mummies
  a human mummy
  9 red nagas
  3 green slimes
 11 pit vipers
 10 cobras
129 wraiths
  6 carnivorous apes
 44 ettin zombies
  a leather golem
 18 Grey-elves
 46 soldiers
 26 amorous demons
  5 horned devils
  9 chameleons
  4 crocodiles
 12 giant beetles
  3 quivering blobs
 19 cockatrices
 12 wolves
  3 winter wolf cubs
  2 lynxes
  6 panthers
 12 gremlins
  7 leprechauns
  6 orc-captains
  2 iron piercers
  2 mumakil
 13 giant spiders
  8 scorpions
  7 horses
 an ice vortex
 10 black lights
  8 vampire bats
  6 forest centaurs
  3 gnome rulers
  3 orc mummies
  3 dwarf mummies
  8 ogres
 10 brown puddings
 15 rust monsters
  8 owlbears
  8 yetis
  4 gold golems
  a werewolf
  7 Green-elves
  6 giant eels
 21 lizards
 13 chickatrices
  a dingo
  a housecat
  3 jaguars
  8 dwarf leaders
  2 blue jellies
  a white unicorn
  2 gray unicorns
  a black unicorn
  4 dust vortices
 21 ravens
  5 plains centaurs
  a gnome mummy
  7 snakes
  6 apes
127 human zombies
  6 rope golems
  6 Woodland-elves
 14 soldier ants
 11 fire ants
 13 bugbears
 an imp
 11 lemures
  2 quasits
  4 wood nymphs
  3 water nymphs
  4 mountain nymphs
 18 Mordor orcs
  5 Uruk-hai
  6 orc shamans
  5 rock piercers
  5 rock moles
  3 ponies
  6 fog clouds
 15 yellow lights
  4 shriekers
  6 violet fungi
 17 gnome leaders
  9 gnomish wizards
  2 kobold mummies
 11 gray oozes
  4 barrow wights
 56 elf zombies
 48 ghouls
  a paper golem
  2 jellyfish
 14 giant ants
  2 little dogs
  5 floating eyes
  a kitten
 21 dwarves
  3 homunculi
  2 kobold leaders
  a kobold shaman
 29 hill orcs
 14 rothes
  a centipede
  3 giant bats
 48 orc zombies
 45 dwarf zombies
  5 wererats
 11 iguanas
 57 killer bees
  4 acid blobs
  a coyote
  4 hobbits
 15 manes
 12 hobgoblins
  4 giant rats
  4 cave spiders
  a brown mold
  2 green molds
  a red mold
 53 gnomes
 10 garter snakes
 55 gnome zombies
  7 geckos
 13 jackals
  4 foxes
  3 kobolds
  5 goblins
  8 sewer rats
 10 grid bugs
  a bat
  8 lichens
 50 kobold zombies
  7 newts
2557 creatures vanquished.

Genocided or extinct species:
 arch-liches
 krakens
 master liches
 demiliches
 liches
 sharks
 electric eels
 wraiths (extinct)
 piranha
 giant eels
 human zombies (extinct)
 jellyfish
10 species genocided.
2 species extinct.

Game over:
                       ----------
                      /          \
                     /    REST    \
                    /      IN      \
                   /     PEACE      \
                  /                  \
                  |     CyberFan     |
                  |     2937 Au      |
                  |   killed by a    |
                  | water elemental  |
                  |                  |
                  |                  |
                  |       2026       |
                 *|     *  *  *      | *
        _________)/\\_//(\/(/\)/\//\/|_)_______

Goodbye CyberFan the Priestess...

You died in The Elemental Planes with 1553554 points,
and 2937 pieces of gold, after 40527 moves.
You were level 17 with a maximum of 154 hit points when you died.

